Buffalo Sabres vs Pittsburgh Penguins

Created - lundi 19 novembre 2018 at 19:00

Goals
1 2 3 T
Buffalo Sabres 0 1 1 2
Pittsburgh Penguins 0 1 3 4
Shots
1 2 3 T
Buffalo Sabres 6 12 6 24
Pittsburgh Penguins 9 18 12 39

1st period

No Goal

Penalties :
Marcus Foligno (BUF) for Slashing (Double Minor) at 10:52

2nd period

1. Pittsburgh Penguins , Aaron Ekblad 3 (Derrick Pouliot 3, Blake Comeau 3) at 5:15 (PP)
2. Buffalo Sabres , Zemgus Girgensons 5 (Marcus Foligno 3, Nicolas Deslauriers 3) at 9:12 (PP)

Penalties :
Tyler Myers (BUF) for Roughing (Minor) at 1:52, Curtis Lazar (BUF) for Cross-checking (Minor) at 5:07, Jake Guentzel (PIT) for Interference (Minor) at 8:19

3rd period

3. Pittsburgh Penguins , Josh Archibald 2 (Dominik Simon 3, Tom Kuhnhackl 2) at 8:11
4. Pittsburgh Penguins , Sidney Crosby 4 (Justin Schultz 6) at 8:17
5. Buffalo Sabres , John Tavares 8 (Ryan Nugent-Hopkins 7) at 8:33
6. Pittsburgh Penguins , Sidney Crosby 5 (Blake Comeau 4, Aaron Ekblad 4) at 19:30 (PP)

Penalties :
Marcus Foligno (BUF) for Roughing (Minor) at 1:15, Nicolas Deslauriers (BUF) for Interference (Minor) at 9:38, Dmitry Kulikov (BUF) for Cross-checking (Minor) at 17:45

Goalie Stats

Robin Lehner (BUF), 35 saves from 39 shots - (0.897), L, 9-11-1, 60:00 minutes
Matt Murray (PIT), 22 saves from 24 shots - (0.917), W, 9-7-3, 60:00 minutes

Players Stats for Buffalo Sabres

Player Name              G  A  P  +/- PIM S  H  SB GA TA FO     MP     PP MP  PK MP  
------------------------------------------------------------------------------------
Brendan Guhle            0  0  0   0  0   0  0  1  0  1  0/0    11:24   0:00   0:04 
Curtis Lazar             0  0  0   0  2   2  0  0  1  0  1/2    18:11   0:39   4:53 
Dmitry Kulikov           0  0  0   0  2   0  1  0  0  2  0/0    11:26   0:00   0:47 
Evan Rodrigues           0  0  0   0  0   4  1  0  1  0  0/0    14:31   0:00   0:00 
Filip Chlapik            0  0  0   0  0   0  0  0  0  0  0/0     0:00   0:00   0:00 
Jake McCabe              0  0  0  -1  0   1  1  0  0  0  0/0    22:58   0:14   5:35 
Jason Pominville         0  0  0   0  0   1  1  0  0  0  8/14   14:31   0:00   0:00 
Jesper Fast              0  0  0  -1  0   6  3  1  1  0  0/6    19:38   0:39   5:30 
John Tavares             1  0  1  -1  0   2  3  2  1  0  13/26  19:00   0:00   0:24 
Justin Bailey            0  0  0   0  0   0  0  0  0  0  0/0     7:54   0:00   1:04 
Marco Scandella          0  0  0  -1  0   1  0  1  1  0  0/0    23:39   0:14   6:10 
Marcus Foligno           0  1  1   0  6   0  5  0  0  0  0/0    14:58   0:14   0:00 
Nicholas Baptiste        0  0  0   0  0   0  1  0  0  0  0/0     6:50   0:00   0:00 
Nicolas Deslauriers      0  1  1   0  2   0  1  0  0  0  1/1    14:14   0:14   0:59 
Rasmus Ristolainen       0  0  0   0  0   0  2  2  0  0  0/0    25:45   0:39   6:10 
Ryan Nugent-Hopkins      0  1  1  -1  0   3  2  1  0  0  0/0    20:16   0:39   5:56 
Tyler Myers              0  0  0   0  2   2  2  4  1  0  0/0    24:49   0:39   4:52 
Zemgus Girgensons        1  0  1   0  0   2  2  2  0  0  4/13   18:01   0:14   4:52 

Players Stats for Pittsburgh Penguins

Player Name              G  A  P  +/- PIM S  H  SB GA TA FO     MP     PP MP  PK MP  
------------------------------------------------------------------------------------
Aaron Ekblad             1  1  2   0  0   1  2  2  0  1  0/0    23:15   5:46   0:39 
Blake Comeau             0  2  2   0  0   6  0  0  0  0  0/0    19:32   6:04   0:00 
Brian Dumoulin           0  0  0   0  0   2  1  0  0  0  0/0    18:49   0:00   0:14 
Bryan Rust               0  0  0   0  0   2  0  1  0  1  0/0    12:43   0:34   0:00 
Carl Hagelin             0  0  0   0  0   4  0  1  1  1  2/3    19:10   4:50   0:39 
Chad Ruhwedel            0  0  0   1  0   1  0  3  0  1  0/0    18:40   6:03   0:00 
Conor Sheary             0  0  0   0  0   0  6  1  0  0  0/1    19:32   6:04   0:00 
Derrick Pouliot          0  1  1   1  0   1  2  0  0  0  0/0    18:37   5:46   0:39 
Dominik Simon            0  1  1   1  0   1  3  0  0  0  1/2     8:39   0:00   0:39 
Evgeni Malkin            0  0  0   0  0   4  3  0  2  0  13/20  19:21   5:11   0:00 
Jake Guentzel            0  0  0   0  2   2  2  0  0  0  5/8    12:38   0:51   0:00 
Josh Archibald           1  0  1   1  0   2  2  0  0  0  0/0     8:00   0:00   0:00 
Justin Schultz           0  1  1   0  0   1  1  0  0  0  0/0    21:41   6:03   0:00 
Kris Letang              0  0  0   0  0   3  1  0  0  1  0/0    18:58   0:00   0:14 
Patric Hornqvist         0  0  0   0  0   2  3  0  0  1  0/1    19:21   5:11   0:00 
Sidney Crosby            2  0  2   0  0   6  1  0  0  0  14/27  19:52   6:18   0:14 
Tom Kuhnhackl            0  1  1   0  0   1  3  0  0  0  0/0    12:18   0:24   0:14 
Zach Aston-Reese         0  0  0   1  0   0  2  1  0  0  0/0     8:00   0:00   0:00 

3 Stars

1 - Sidney Crosby (PIT)
2 - Aaron Ekblad (PIT)
3 - Josh Archibald (PIT)

Power Play

Buffalo Sabres - 1 on 1 Attempt(s) - 100.00%
Pittsburgh Penguins - 2 on 7 Attempt(s) - 28.57%

Penalty Kill

Buffalo Sabres - 5 on 7 Attempt(s) - 71.43% - Score 0 goal in Penalty Kill
Pittsburgh Penguins - 0 on 1 Attempt(s) - 0.00% - Score 0 goal in Penalty Kill

Team Stat

Buffalo Sabres - Hits : 25 - Faceoff Wins : 27 - Blocked Shots : 14 - Penalty Minutes : 14
Pittsburgh Penguins - Hits : 32 - Faceoff Wins : 35 - Blocked Shots : 9 - Penalty Minutes : 2

Official

Referees : Garrett Rank and Brian Pochmara
Linesman : Ryan Gibbons and Shandor Alphonso

Game Notes

No Game Note

Finance

Level 1 -- Attendance: 10000 (100.00%) -- Ticket Income fr. 800'000
Level 2 -- Attendance: 1589 (79.45%) -- Ticket Income fr. 103'285
Level 3 -- Attendance: 2830 (80.86%) -- Ticket Income fr. 99'050
Level 4 -- Attendance: 1334 (92.00%) -- Ticket Income fr. 26'680
Luxury Box -- Attendance: 44 (88.00%) -- Ticket Income fr. 8'800
Game was played at the PPG Paints Arena.
Total Attendance: 15797 (92.92%)
Total Ticket Income: fr. 1'037'815
Total Income: fr. 1'037'815

Buffalo Sabres

5 vs 5 Forward 
   Center                   Left Wing                Right Wing               Time % Phy DF OF 
 1 John Tavares             Ryan Nugent-Hopkins      Jesper Fast              30     1   2  2  
 2 Jason Pominville         Marcus Foligno           Evan Rodrigues           30     1   2  2  
 3 Zemgus Girgensons        Curtis Lazar             Nicolas Deslauriers      25     1   2  2  
 4 John Tavares             Justin Bailey            Nicholas Baptiste        15     1   2  2  

5 vs 5 Defense 
   Defense                  Defense                                           Time % Phy DF OF 
 1 Rasmus Ristolainen       Tyler Myers                                       30     1   2  2  
 2 Marco Scandella          Jake McCabe                                       30     1   2  2  
 3 Tyler Myers              Brendan Guhle                                     25     1   2  2  
 4 Rasmus Ristolainen       Dmitry Kulikov                                    15     1   2  2  

PowerPlay Forward 
   Center                   Left Wing                Right Wing               Time % Phy DF OF 
 1 Curtis Lazar             Ryan Nugent-Hopkins      Jesper Fast              50     1   2  2  
 2 Nicolas Deslauriers      Marcus Foligno           Zemgus Girgensons        50     1   2  2  

PowerPlay Defense
   Defense                  Defense                                           Time % Phy DF OF 
 1 Rasmus Ristolainen       Tyler Myers                                       50     1   2  2  
 2 Marco Scandella          Jake McCabe                                       50     1   2  2  

Penalty Kill 4 Players Forward 
   Center                   Wing                     Time % Phy DF OF 
 1 Jesper Fast              Ryan Nugent-Hopkins      50     1   2  2  
 2 Zemgus Girgensons        Curtis Lazar             50     1   2  2  

Penalty Kill 4 Players Defense
   Defense                  Defense                  Time % Phy DF OF 
 1 Rasmus Ristolainen       Tyler Myers              50     1   2  2  
 2 Marco Scandella          Jake McCabe              50     1   2  2  

Penalty Kill - 3 Players Forward 
   Forward                                           Time % Phy DF OF 
 1 Jesper Fast                                       50     1   2  2  
 2 Ryan Nugent-Hopkins                               50     1   2  2  

Penalty Kill - 3 Players Defense
   Defense                  Defense                  Time % Phy DF OF 
 1 Rasmus Ristolainen       Tyler Myers              50     1   2  2  
 2 Marco Scandella          Jake McCabe              50     1   2  2  

4 vs 4 Forward 
   Center                   Wing                     Time % Phy DF OF 
 1 Zemgus Girgensons        Ryan Nugent-Hopkins      50     1   2  2  
 2 Nicolas Deslauriers      Jesper Fast              50     1   2  2  

4 vs 4 Defense
   Defense                  Defense                  Time % Phy DF OF 
 1 Rasmus Ristolainen       Tyler Myers              50     1   2  2  
 2 Marco Scandella          Jake McCabe              50     1   2  2  

Last Minutes Offensive
   Center                   Left Wing                Right Wing               Defense                  Defense                  
   John Tavares             Ryan Nugent-Hopkins      Jesper Fast              Rasmus Ristolainen       Tyler Myers              

Last Minutes Defensive
   Center                   Left Wing                Right Wing               Defense                  Defense                  
   John Tavares             Ryan Nugent-Hopkins      Jesper Fast              Rasmus Ristolainen       Tyler Myers              

Goaltenders
Starting : Robin Lehner             
Backup : Linus Ullmark            

Extra Forwards
Normal : Zemgus Girgensons, Curtis Lazar, Nicolas Deslauriers - PP : Zemgus Girgensons, Curtis Lazar - PK : Nicolas Deslauriers
Extra Defensemen
Normal : Tyler Myers, Rasmus Ristolainen, Marco Scandella - PP : Rasmus Ristolainen - PK : Rasmus Ristolainen, Marco Scandella
Penalty Shots
Curtis Lazar, Ryan Nugent-Hopkins, Marcus Foligno, Zemgus Girgensons, Jesper Fast
Custom OT Lines Forwards
John Tavares, Ryan Nugent-Hopkins, Jesper Fast, Jason Pominville, Evan Rodrigues, Marcus Foligno, Zemgus Girgensons, Curtis Lazar, Nicolas Deslauriers, Justin Bailey
Custom OT Lines Defensemen
Rasmus Ristolainen, Tyler Myers, Marco Scandella, Jake McCabe, Dmitry Kulikov

Scratches
Casey Nelson (Fractured Metatarsal (Right Foot) Injury)

Pittsburgh Penguins

5 vs 5 Forward 
   Center                   Left Wing                Right Wing               Time % Phy DF OF 
 1 Sidney Crosby            Blake Comeau             Conor Sheary             35     0   1  4  
 2 Evgeni Malkin            Carl Hagelin             Patric Hornqvist         35     0   1  4  
 3 Jake Guentzel            Bryan Rust               Tom Kuhnhackl            20     0   2  3  
 4 Zach Aston-Reese         Dominik Simon            Josh Archibald           10     0   2  3  

5 vs 5 Defense 
   Defense                  Defense                                           Time % Phy DF OF 
 1 Kris Letang              Aaron Ekblad                                      32     0   1  4  
 2 Justin Schultz           Brian Dumoulin                                    32     0   1  4  
 3 Derrick Pouliot          Chad Ruhwedel                                     26     0   2  3  
 4 Kris Letang              Brian Dumoulin                                    10     0   2  3  

PowerPlay Forward 
   Center                   Left Wing                Right Wing               Time % Phy DF OF 
 1 Evgeni Malkin            Carl Hagelin             Patric Hornqvist         50     0   0  5  
 2 Sidney Crosby            Blake Comeau             Conor Sheary             50     0   0  5  

PowerPlay Defense
   Defense                  Defense                                           Time % Phy DF OF 
 1 Derrick Pouliot          Aaron Ekblad                                      50     0   0  5  
 2 Justin Schultz           Chad Ruhwedel                                     50     0   0  5  

Penalty Kill 4 Players Forward 
   Center                   Wing                     Time % Phy DF OF 
 1 Sidney Crosby            Tom Kuhnhackl            50     0   5  0  
 2 Jake Guentzel            Carl Hagelin             50     0   5  0  

Penalty Kill 4 Players Defense
   Defense                  Defense                  Time % Phy DF OF 
 1 Kris Letang              Brian Dumoulin           50     0   5  0  
 2 Derrick Pouliot          Aaron Ekblad             50     0   5  0  

Penalty Kill - 3 Players Forward 
   Forward                                           Time % Phy DF OF 
 1 Sidney Crosby                                     50     0   5  0  
 2 Evgeni Malkin                                     50     0   5  0  

Penalty Kill - 3 Players Defense
   Defense                  Defense                  Time % Phy DF OF 
 1 Kris Letang              Brian Dumoulin           50     0   5  0  
 2 Derrick Pouliot          Chad Ruhwedel            50     0   5  0  

4 vs 4 Forward 
   Center                   Wing                     Time % Phy DF OF 
 1 Sidney Crosby            Conor Sheary             50     0   2  3  
 2 Evgeni Malkin            Patric Hornqvist         50     0   2  3  

4 vs 4 Defense
   Defense                  Defense                  Time % Phy DF OF 
 1 Kris Letang              Chad Ruhwedel            50     0   3  2  
 2 Justin Schultz           Aaron Ekblad             50     0   3  2  

Last Minutes Offensive
   Center                   Left Wing                Right Wing               Defense                  Defense                  
   Evgeni Malkin            Carl Hagelin             Patric Hornqvist         Justin Schultz           Aaron Ekblad             

Last Minutes Defensive
   Center                   Left Wing                Right Wing               Defense                  Defense                  
   Sidney Crosby            Blake Comeau             Conor Sheary             Derrick Pouliot          Chad Ruhwedel            

Goaltenders
Starting : Matt Murray              
Backup : Tristan Jarry            

Extra Forwards
Normal : Sidney Crosby, Evgeni Malkin, Bryan Rust - PP : Jake Guentzel, Bryan Rust - PK : Dominik Simon
Extra Defensemen
Normal : Kris Letang, Aaron Ekblad, Justin Schultz - PP : Derrick Pouliot - PK : Chad Ruhwedel, Justin Schultz
Penalty Shots
Sidney Crosby, Evgeni Malkin, Jake Guentzel, Kris Letang, Patric Hornqvist
Custom OT Lines Forwards
Sidney Crosby, Evgeni Malkin, Patric Hornqvist, Jake Guentzel, Carl Hagelin, Conor Sheary, Blake Comeau, Josh Archibald, Tom Kuhnhackl, Dominik Simon
Custom OT Lines Defensemen
Kris Letang, Chad Ruhwedel, Justin Schultz, Brian Dumoulin, Derrick Pouliot

Scratches
Barclay Goodrow (Healthy), Greg McKegg (Healthy), Olli Maatta (Healthy)

% Time on Ice - Buffalo Sabres

Lines # - Real PCT - Wanted PCT - Time Play
Normal Forward
1 - 29% - 30% - 13:41
2 - 31% - 30% - 14:37
3 - 26% - 25% - 12:10
4 - 14% - 15% - 6:50
Normal Defense
1 - 26% - 30% - 12:18
2 - 36% - 30% - 16:54
3 - 20% - 25% - 9:32
4 - 18% - 15% - 8:34
PP Forward
1 - 74% - 50% - 0:39
2 - 26% - 50% - 0:14
PP Defense
1 - 74% - 50% - 0:39
2 - 26% - 50% - 0:14
PK Forward
1 - 53% - 50% - 6:16
2 - 47% - 50% - 5:33
PK Defense
1 - 53% - 50% - 6:14
2 - 47% - 50% - 5:35
PK3 Forward
1 - 0% - 50%
2 - 0% - 50%
PK3 Defense
1 - 0% - 50%
2 - 0% - 50%
44 Forward
1 - 0% - 50%
2 - 0% - 50%
44 Defense
1 - 0% - 50%
2 - 0% - 50%
Last Minute Offensive  - 0:00
Last Minute Defensive  - 0:00
Total
Forward - 60:00
Defense - 60:00

% Time on Ice - Pittsburgh Penguins

Lines # - Real PCT - Wanted PCT - Time Play
Normal Forward
1 - 29% - 35% - 13:51
2 - 30% - 35% - 13:58
3 - 24% - 20% - 11:29
4 - 17% - 10% - 8:00
Normal Defense
1 - 30% - 32% - 14:17
2 - 33% - 32% - 15:27
3 - 25% - 26% - 11:50
4 - 12% - 10% - 5:44
PP Forward
1 - 44% - 50% - 5:11
2 - 56% - 50% - 6:38
PP Defense
1 - 49% - 50% - 5:46
2 - 51% - 50% - 6:03
PK Forward
1 - 26% - 50% - 0:14
2 - 74% - 50% - 0:39
PK Defense
1 - 26% - 50% - 0:14
2 - 74% - 50% - 0:39
PK3 Forward
1 - 0% - 50%
2 - 0% - 50%
PK3 Defense
1 - 0% - 50%
2 - 0% - 50%
44 Forward
1 - 0% - 50%
2 - 0% - 50%
44 Defense
1 - 0% - 50%
2 - 0% - 50%
Last Minute Offensive  - 0:00
Last Minute Defensive  - 0:00
Total
Forward - 60:00
Defense - 60:00

Play-by-Play

1st period


0:01 of 1st period - Sidney Crosby wins face-off versus John Tavares in neutral zone.
0:38 of 1st period - Slapshot by Bryan Rust.
0:38 of 1st period - Deflect By John Tavares.
0:38 of 1st period - Shot Misses the Net.
0:38 of 1st period - Puck is out of play.
0:39 of 1st period - Evgeni Malkin wins face-off versus Jason Pominville in Buffalo Sabres zone.
0:55 of 1st period - Snap shot by Evgeni Malkin.
0:55 of 1st period - Shot Misses the Net.
1:56 of 1st period - Wrist shot by Evgeni Malkin.
1:56 of 1st period - Shot Blocked by Tyler Myers.
1:58 of 1st period - Snap shot by Evgeni Malkin.
1:58 of 1st period - Shot Blocked by Tyler Myers.
2:00 of 1st period - Wrist shot by Brian Dumoulin.
2:00 of 1st period - Stopped by Robin Lehner with a rebound.
3:18 of 1st period - Slapshot by Zach Aston-Reese.
3:18 of 1st period - Shot Blocked by Rasmus Ristolainen.
3:48 of 1st period - Wrist shot by Sidney Crosby.
3:48 of 1st period - Shot Blocked by Ryan Nugent-Hopkins.
3:50 of 1st period - Wrist shot by Blake Comeau.
3:50 of 1st period - Stopped by Robin Lehner with a rebound.
3:52 of 1st period - Snap shot by Blake Comeau.
3:52 of 1st period - Deflect By Ryan Nugent-Hopkins.
3:52 of 1st period - Shot Misses the Net.
3:52 of 1st period - Puck is out of play.
3:53 of 1st period - Evgeni Malkin wins face-off versus Zemgus Girgensons in Buffalo Sabres zone.
5:04 of 1st period - Wrist shot by Curtis Lazar.
5:04 of 1st period - Stopped by Matt Murray with a rebound.
5:09 of 1st period - Off-side.
5:10 of 1st period - John Tavares wins face-off versus Evgeni Malkin in neutral zone.
7:11 of 1st period - Snap shot by Jake Guentzel.
7:11 of 1st period - Stopped by Robin Lehner with a rebound.
7:13 of 1st period - Slapshot by Jake Guentzel.
7:13 of 1st period - Shot Hit the Post.
7:15 of 1st period - Wrist shot by Tom Kuhnhackl.
7:15 of 1st period - Shot Misses the Net.
7:35 of 1st period - Wrist shot by Jesper Fast.
7:35 of 1st period - Stopped by Matt Murray with a rebound.
7:37 of 1st period - Wrist shot by Jesper Fast.
7:37 of 1st period - Shot Misses the Net.
8:58 of 1st period - Zemgus Girgensons is hit by Aaron Ekblad and loses puck.
9:28 of 1st period - Jesper Fast is hit by Conor Sheary and loses puck.
10:05 of 1st period - Dmitry Kulikov is hit by Brian Dumoulin and loses puck.
10:52 of 1st period - Double Minor Penalty to Marcus Foligno for Slashing.
10:53 of 1st period - Carl Hagelin wins face-off versus Jesper Fast in Buffalo Sabres zone.
10:56 of 1st period - Wrist shot by Patric Hornqvist.
10:56 of 1st period - Shot Misses the Net.
11:06 of 1st period - Carl Hagelin is hit by Zemgus Girgensons.
11:24 of 1st period - Slapshot by Jesper Fast.
11:24 of 1st period - Shot Misses the Net.
11:29 of 1st period - Off-side.
11:30 of 1st period - Sidney Crosby wins face-off versus Jesper Fast in neutral zone.
11:59 of 1st period - Wrist shot by Evgeni Malkin.
11:59 of 1st period - Stopped by Robin Lehner without a rebound.
12:00 of 1st period - Evgeni Malkin wins face-off versus Jesper Fast in Buffalo Sabres zone.
12:01 of 1st period - Snap shot by Patric Hornqvist.
12:01 of 1st period - Stopped by Robin Lehner without a rebound.
12:02 of 1st period - Evgeni Malkin wins face-off versus Jesper Fast in Buffalo Sabres zone.
12:11 of 1st period - Snap shot by Evgeni Malkin.
12:11 of 1st period - Stopped by Robin Lehner without a rebound.
12:12 of 1st period - Zemgus Girgensons wins face-off versus Sidney Crosby in Buffalo Sabres zone.
12:48 of 1st period - Marco Scandella is hit by Patric Hornqvist and loses puck.
14:52 of 1st period - Penalty to Marcus Foligno is over, Marcus Foligno is back on ice.
15:08 of 1st period - Wrist shot by Dominik Simon.
15:08 of 1st period - Stopped by Robin Lehner without a rebound.
15:09 of 1st period - Jake Guentzel wins face-off versus Jason Pominville in Buffalo Sabres zone.
15:35 of 1st period - Dominik Simon is hit by Jesper Fast and loses puck.
15:50 of 1st period - Brian Dumoulin is hit by Nicholas Baptiste and loses puck.
16:07 of 1st period - Curtis Lazar is hit by Conor Sheary and loses puck.
16:14 of 1st period - Slapshot by Sidney Crosby.
16:14 of 1st period - Shot Blocked by Brendan Guhle.
16:16 of 1st period - Wrist shot by Sidney Crosby.
16:16 of 1st period - Shot Misses the Net.
16:18 of 1st period - Slapshot by Brian Dumoulin.
16:18 of 1st period - Shot Blocked by Zemgus Girgensons.
16:57 of 1st period - Chad Ruhwedel is hit by Evan Rodrigues and loses puck.
17:10 of 1st period - Marco Scandella is hit by Conor Sheary and loses puck.
17:43 of 1st period - Nicolas Deslauriers is hit by Josh Archibald and loses puck.
17:56 of 1st period - Wrist shot by Jake Guentzel.
17:56 of 1st period - Shot Blocked by John Tavares.
17:58 of 1st period - Wrist shot by Tom Kuhnhackl.
17:58 of 1st period - Stopped by Robin Lehner without a rebound.
17:59 of 1st period - John Tavares wins face-off versus Jake Guentzel in Buffalo Sabres zone.
17:59 of 1st period - John Tavares is hit by Tom Kuhnhackl.
18:19 of 1st period - Sidney Crosby is hit by Marcus Foligno and loses puck.
18:30 of 1st period - Slapshot by Blake Comeau.
18:30 of 1st period - Stopped by Robin Lehner without a rebound.
18:31 of 1st period - Evgeni Malkin wins face-off versus Zemgus Girgensons in Buffalo Sabres zone.
19:30 of 1st period - Slapshot by Aaron Ekblad.
19:30 of 1st period - Deflect By Patric Hornqvist.
19:30 of 1st period - Shot Misses the Net.
19:30 of 1st period - Puck is out of play.
19:31 of 1st period - John Tavares wins face-off versus Sidney Crosby in Buffalo Sabres zone.
19:31 of 1st period - John Tavares is hit by Sidney Crosby.
19:41 of 1st period - Slapshot by John Tavares.
19:41 of 1st period - Stopped by Matt Murray with a rebound.
19:43 of 1st period - Wrist shot by Jesper Fast.
19:43 of 1st period - Stopped by Matt Murray with a rebound.
19:45 of 1st period - Snap shot by Jesper Fast.
19:45 of 1st period - Stopped by Matt Murray without a rebound.
19:46 of 1st period - Jason Pominville wins face-off versus Sidney Crosby in Pittsburgh Penguins zone.
19:49 of 1st period - Wrist shot by Evan Rodrigues.
19:49 of 1st period - Stopped by Matt Murray with a rebound.
Goals for this period are 0 for Buffalo Sabres vs 0 for Pittsburgh Penguins.
Shots for this period are 6 for Buffalo Sabres vs 9 for Pittsburgh Penguins.

2nd period


0:01 of 2nd period - John Tavares wins face-off versus Sidney Crosby in neutral zone.
0:39 of 2nd period - Aaron Ekblad is hit by Marcus Foligno and loses puck.
0:55 of 2nd period - Icing by Bryan Rust.
0:56 of 2nd period - Zemgus Girgensons wins face-off versus Jake Guentzel in Pittsburgh Penguins zone.
1:27 of 2nd period - Snap shot by Jake Guentzel.
1:27 of 2nd period - Shot Misses the Net.
1:33 of 2nd period - Snap shot by Jake Guentzel.
1:33 of 2nd period - Shot Misses the Net.
1:35 of 2nd period - Slapshot by Kris Letang.
1:35 of 2nd period - Shot Blocked by Marco Scandella.
1:37 of 2nd period - Wrist shot by Bryan Rust.
1:37 of 2nd period - Deflect By Marco Scandella.
1:37 of 2nd period - Stopped by Robin Lehner without a rebound.
1:38 of 2nd period - Sidney Crosby wins face-off versus John Tavares in Buffalo Sabres zone.
1:39 of 2nd period - Snap shot by Blake Comeau.
1:39 of 2nd period - Stopped by Robin Lehner without a rebound.
1:40 of 2nd period - Sidney Crosby wins face-off versus John Tavares in Buffalo Sabres zone.
1:43 of 2nd period - Snap shot by Blake Comeau.
1:43 of 2nd period - Shot Misses the Net.
1:52 of 2nd period - Minor Penalty to Tyler Myers for Roughing.
1:53 of 2nd period - Evgeni Malkin wins face-off versus Jesper Fast in Buffalo Sabres zone.
2:01 of 2nd period - Slapshot by Carl Hagelin.
2:01 of 2nd period - Stopped by Robin Lehner with a rebound.
2:03 of 2nd period - Snap shot by Derrick Pouliot.
2:03 of 2nd period - Shot Blocked by Jesper Fast.
2:05 of 2nd period - Snap shot by Evgeni Malkin.
2:05 of 2nd period - Stopped by Robin Lehner without a rebound.
2:06 of 2nd period - Sidney Crosby wins face-off versus Zemgus Girgensons in Buffalo Sabres zone.
2:47 of 2nd period - Chad Ruhwedel is hit by Rasmus Ristolainen and loses puck.
3:52 of 2nd period - Penalty to Tyler Myers is over, Tyler Myers is back on ice.
4:05 of 2nd period - Marcus Foligno is hit by Jake Guentzel and loses puck.
4:29 of 2nd period - John Tavares is hit by Zach Aston-Reese.
5:07 of 2nd period - Minor Penalty to Curtis Lazar for Cross-checking.
5:08 of 2nd period - Sidney Crosby wins face-off versus Jesper Fast in Buffalo Sabres zone.
5:11 of 2nd period - Slapshot by Blake Comeau.
5:11 of 2nd period - Stopped by Robin Lehner with a rebound.
5:13 of 2nd period - Slapshot by Derrick Pouliot.
5:13 of 2nd period - Stopped by Robin Lehner with a rebound.
5:15 of 2nd period - Slapshot by Aaron Ekblad.
5:15 of 2nd period - Goal by Aaron Ekblad - Buffalo Sabres : 0 - Pittsburgh Penguins : 1.
5:16 of 2nd period - Sidney Crosby wins face-off versus John Tavares in neutral zone.
5:48 of 2nd period - Tyler Myers is hit by Patric Hornqvist and loses puck.
6:43 of 2nd period - Slapshot by Kris Letang.
6:43 of 2nd period - Stopped by Robin Lehner with a rebound.
6:47 of 2nd period - Slapshot by Kris Letang.
6:47 of 2nd period - Stopped by Robin Lehner without a rebound.
6:48 of 2nd period - John Tavares wins face-off versus Patric Hornqvist in Buffalo Sabres zone.
7:17 of 2nd period - Slapshot by Blake Comeau.
7:17 of 2nd period - Stopped by Robin Lehner without a rebound.
7:18 of 2nd period - Evgeni Malkin wins face-off versus Zemgus Girgensons in Buffalo Sabres zone.
7:43 of 2nd period - Kris Letang is hit by Marcus Foligno.
8:09 of 2nd period - Snap shot by John Tavares.
8:09 of 2nd period - Shot Misses the Net.
8:11 of 2nd period - Slapshot by Marco Scandella.
8:11 of 2nd period - Stopped by Matt Murray with a rebound.
8:13 of 2nd period - Backhand shot by Jesper Fast.
8:13 of 2nd period - Stopped by Matt Murray with a rebound.
8:19 of 2nd period - Minor Penalty to Jake Guentzel for Interference.
8:20 of 2nd period - Dominik Simon wins face-off versus Curtis Lazar in Pittsburgh Penguins zone.
8:24 of 2nd period - Off-side.
8:25 of 2nd period - Curtis Lazar wins face-off versus Dominik Simon in neutral zone.
8:28 of 2nd period - Dominik Simon is hit by Ryan Nugent-Hopkins and loses puck.
8:41 of 2nd period - Rasmus Ristolainen is hit by Dominik Simon and loses puck.
8:56 of 2nd period - Wrist shot by Jesper Fast.
8:56 of 2nd period - Shot Misses the Net.
8:58 of 2nd period - Wrist shot by Ryan Nugent-Hopkins.
8:58 of 2nd period - Deflect By Aaron Ekblad.
8:58 of 2nd period - Shot Misses the Net.
8:58 of 2nd period - Puck is out of play.
8:59 of 2nd period - Nicolas Deslauriers wins face-off versus Sidney Crosby in Pittsburgh Penguins zone.
9:10 of 2nd period - Wrist shot by Marcus Foligno.
9:10 of 2nd period - Shot Misses the Net.
9:12 of 2nd period - Snap shot by Zemgus Girgensons.
9:12 of 2nd period - Goal by Zemgus Girgensons - Buffalo Sabres : 1 - Pittsburgh Penguins : 1.
9:13 of 2nd period - John Tavares wins face-off versus Sidney Crosby in neutral zone.
9:28 of 2nd period - Slapshot by Justin Schultz.
9:28 of 2nd period - Shot Blocked by John Tavares.
9:35 of 2nd period - Icing by Rasmus Ristolainen.
9:36 of 2nd period - Evgeni Malkin wins face-off versus Jason Pominville in Buffalo Sabres zone.
9:43 of 2nd period - Wrist shot by Carl Hagelin.
9:43 of 2nd period - Stopped by Robin Lehner with a rebound.
9:45 of 2nd period - Snap shot by Carl Hagelin.
9:45 of 2nd period - Stopped by Robin Lehner with a rebound.
9:47 of 2nd period - Slapshot by Derrick Pouliot.
9:47 of 2nd period - Deflect By Carl Hagelin.
9:47 of 2nd period - Shot Blocked by Tyler Myers.
9:47 of 2nd period - Puck is out of play.
9:48 of 2nd period - John Tavares wins face-off versus Sidney Crosby in Buffalo Sabres zone.
10:22 of 2nd period - Snap shot by Evan Rodrigues.
10:22 of 2nd period - Stopped by Matt Murray with a rebound.
10:24 of 2nd period - Snap shot by Marcus Foligno.
10:24 of 2nd period - Shot Misses the Net.
11:42 of 2nd period - Jesper Fast is hit by Evgeni Malkin and loses puck.
11:59 of 2nd period - Snap shot by Curtis Lazar.
11:59 of 2nd period - Shot Misses the Net.
12:01 of 2nd period - Snap shot by Zemgus Girgensons.
12:01 of 2nd period - Shot Misses the Net.
12:03 of 2nd period - Snap shot by Zemgus Girgensons.
12:03 of 2nd period - Stopped by Matt Murray without a rebound.
12:04 of 2nd period - Sidney Crosby wins face-off versus Jason Pominville in Pittsburgh Penguins zone.
12:29 of 2nd period - Dmitry Kulikov is hit by Patric Hornqvist and loses puck.
12:40 of 2nd period - Slapshot by Evgeni Malkin.
12:40 of 2nd period - Stopped by Robin Lehner without a rebound.
12:41 of 2nd period - Sidney Crosby wins face-off versus John Tavares in Buffalo Sabres zone.
12:42 of 2nd period - Slapshot by Blake Comeau.
12:42 of 2nd period - Stopped by Robin Lehner without a rebound.
12:43 of 2nd period - John Tavares wins face-off versus Conor Sheary in Buffalo Sabres zone.
12:50 of 2nd period - Snap shot by Ryan Nugent-Hopkins.
12:50 of 2nd period - Stopped by Matt Murray without a rebound.
12:51 of 2nd period - Sidney Crosby wins face-off versus John Tavares in Pittsburgh Penguins zone.
13:02 of 2nd period - Wrist shot by Blake Comeau.
13:02 of 2nd period - Shot Misses the Net.
13:10 of 2nd period - Slapshot by Tyler Myers.
13:10 of 2nd period - Stopped by Matt Murray with a rebound.
13:12 of 2nd period - Snap shot by Jesper Fast.
13:12 of 2nd period - Shot Blocked by Chad Ruhwedel.
13:14 of 2nd period - Wrist shot by Jesper Fast.
13:14 of 2nd period - Stopped by Matt Murray without a rebound.
13:15 of 2nd period - Jason Pominville wins face-off versus Evgeni Malkin in Pittsburgh Penguins zone.
13:24 of 2nd period - Wrist shot by Evan Rodrigues.
13:24 of 2nd period - Shot Blocked by Carl Hagelin.
14:25 of 2nd period - Justin Bailey is hit by Zach Aston-Reese and loses puck.
14:38 of 2nd period - Snap shot by Marco Scandella.
14:38 of 2nd period - Shot Blocked by Chad Ruhwedel.
14:59 of 2nd period - Off-side.
15:00 of 2nd period - Jake Guentzel wins face-off versus Zemgus Girgensons in neutral zone.
15:07 of 2nd period - Slapshot by Zemgus Girgensons.
15:07 of 2nd period - Shot Misses the Net.
15:09 of 2nd period - Snap shot by Zemgus Girgensons.
15:09 of 2nd period - Shot Misses the Net.
15:11 of 2nd period - Snap shot by Nicolas Deslauriers.
15:11 of 2nd period - Shot Blocked by Aaron Ekblad.
15:13 of 2nd period - Slapshot by Curtis Lazar.
15:13 of 2nd period - Stopped by Matt Murray with a rebound.
15:15 of 2nd period - Snap shot by Dmitry Kulikov.
15:15 of 2nd period - Shot Blocked by Aaron Ekblad.
15:48 of 2nd period - Josh Archibald is hit by Rasmus Ristolainen.
17:00 of 2nd period - Slapshot by Carl Hagelin.
17:00 of 2nd period - Stopped by Robin Lehner with a rebound.
17:02 of 2nd period - Snap shot by Patric Hornqvist.
17:02 of 2nd period - Stopped by Robin Lehner with a rebound.
17:12 of 2nd period - Snap shot by Josh Archibald.
17:12 of 2nd period - Shot Misses the Net.
17:28 of 2nd period - Slapshot by Sidney Crosby.
17:28 of 2nd period - Stopped by Robin Lehner without a rebound.
17:29 of 2nd period - Jason Pominville wins face-off versus Sidney Crosby in Buffalo Sabres zone.
17:44 of 2nd period - Snap shot by Evan Rodrigues.
17:44 of 2nd period - Stopped by Matt Murray without a rebound.
17:45 of 2nd period - Evgeni Malkin wins face-off versus John Tavares in Pittsburgh Penguins zone.
17:45 of 2nd period - Evgeni Malkin is hit by John Tavares.
17:56 of 2nd period - Justin Schultz is hit by Dmitry Kulikov and loses puck.
18:33 of 2nd period - Zemgus Girgensons is hit by Tom Kuhnhackl.
19:01 of 2nd period - Snap shot by Josh Archibald.
19:01 of 2nd period - Stopped by Robin Lehner without a rebound.
19:02 of 2nd period - Jason Pominville wins face-off versus Evgeni Malkin in Buffalo Sabres zone.
19:02 of 2nd period - Jason Pominville is hit by Evgeni Malkin.
19:07 of 2nd period - Off-side.
19:08 of 2nd period - Carl Hagelin wins face-off versus Jason Pominville in neutral zone.
19:15 of 2nd period - Marco Scandella is hit by Kris Letang and loses puck.
19:38 of 2nd period - Derrick Pouliot is hit by Jason Pominville and loses puck.
19:51 of 2nd period - Snap shot by Jason Pominville.
19:51 of 2nd period - Stopped by Matt Murray without a rebound.
19:52 of 2nd period - John Tavares wins face-off versus Evgeni Malkin in Pittsburgh Penguins zone.
19:53 of 2nd period - Snap shot by Ryan Nugent-Hopkins.
19:53 of 2nd period - Stopped by Matt Murray with a rebound.
Goals for this period are 1 for Buffalo Sabres vs 1 for Pittsburgh Penguins.
Shots for this period are 12 for Buffalo Sabres vs 18 for Pittsburgh Penguins.

3rd period


0:01 of 3rd period - John Tavares wins face-off versus Sidney Crosby in neutral zone.
0:04 of 3rd period - Snap shot by Jesper Fast.
0:04 of 3rd period - Stopped by Matt Murray without a rebound.
0:05 of 3rd period - Sidney Crosby wins face-off versus John Tavares in Pittsburgh Penguins zone.
0:14 of 3rd period - Snap shot by Sidney Crosby.
0:14 of 3rd period - Stopped by Robin Lehner without a rebound.
0:15 of 3rd period - John Tavares wins face-off versus Evgeni Malkin in Buffalo Sabres zone.
0:22 of 3rd period - Wrist shot by Evgeni Malkin.
0:22 of 3rd period - Shot Blocked by Tyler Myers.
0:24 of 3rd period - Slapshot by Kris Letang.
0:24 of 3rd period - Stopped by Robin Lehner without a rebound.
0:25 of 3rd period - Evgeni Malkin wins face-off versus John Tavares in Buffalo Sabres zone.
0:32 of 3rd period - Slapshot by Patric Hornqvist.
0:32 of 3rd period - Shot Blocked by Rasmus Ristolainen.
0:48 of 3rd period - Slapshot by Rasmus Ristolainen.
0:48 of 3rd period - Shot Misses the Net.
0:53 of 3rd period - Carl Hagelin is hit by Tyler Myers and loses puck.
1:12 of 3rd period - Wrist shot by Evgeni Malkin.
1:12 of 3rd period - Deflect By Rasmus Ristolainen.
1:12 of 3rd period - Shot Misses the Net.
1:12 of 3rd period - Puck is out of play.
1:13 of 3rd period - Jason Pominville wins face-off versus Sidney Crosby in Buffalo Sabres zone.
1:15 of 3rd period - Minor Penalty to Marcus Foligno for Roughing.
1:16 of 3rd period - Zemgus Girgensons wins face-off versus Sidney Crosby in Buffalo Sabres zone.
1:16 of 3rd period - Zemgus Girgensons is hit by Conor Sheary.
1:39 of 3rd period - Chad Ruhwedel is hit by Jake McCabe and loses puck.
1:44 of 3rd period - Wrist shot by Ryan Nugent-Hopkins.
1:44 of 3rd period - Shot Blocked by Chad Ruhwedel.
1:54 of 3rd period - Snap shot by Evgeni Malkin.
1:54 of 3rd period - Shot Misses the Net.
2:50 of 3rd period - Evgeni Malkin is hit by Nicolas Deslauriers and loses puck.
3:13 of 3rd period - Nicolas Deslauriers is hit by Derrick Pouliot and loses puck.
3:15 of 3rd period - Penalty to Marcus Foligno is over, Marcus Foligno is back on ice.
3:37 of 3rd period - Slapshot by Rasmus Ristolainen.
3:37 of 3rd period - Shot Blocked by Zach Aston-Reese.
5:23 of 3rd period - Icing by Dmitry Kulikov.
5:24 of 3rd period - Evgeni Malkin wins face-off versus John Tavares in Buffalo Sabres zone.
5:45 of 3rd period - Snap shot by Sidney Crosby.
5:45 of 3rd period - Stopped by Robin Lehner with a rebound.
5:47 of 3rd period - Slapshot by Chad Ruhwedel.
5:47 of 3rd period - Stopped by Robin Lehner with a rebound.
5:49 of 3rd period - Snap shot by Sidney Crosby.
5:49 of 3rd period - Stopped by Robin Lehner with a rebound.
5:51 of 3rd period - Slapshot by Brian Dumoulin.
5:51 of 3rd period - Stopped by Robin Lehner with a rebound.
5:53 of 3rd period - Slapshot by Conor Sheary.
5:53 of 3rd period - Shot Blocked by Zemgus Girgensons.
6:16 of 3rd period - Nicolas Deslauriers is hit by Dominik Simon.
6:27 of 3rd period - Icing by Tyler Myers.
6:28 of 3rd period - Jake Guentzel wins face-off versus Jason Pominville in Buffalo Sabres zone.
6:29 of 3rd period - Snap shot by Bryan Rust.
6:29 of 3rd period - Deflect By Jake Guentzel.
6:29 of 3rd period - Stopped by Robin Lehner with a rebound.
6:31 of 3rd period - Slapshot by Bryan Rust.
6:31 of 3rd period - Stopped by Robin Lehner without a rebound.
6:32 of 3rd period - Jason Pominville wins face-off versus Jake Guentzel in Buffalo Sabres zone.
6:37 of 3rd period - Jake Guentzel is hit by Marcus Foligno and loses puck.
6:42 of 3rd period - Snap shot by Evan Rodrigues.
6:42 of 3rd period - Shot Blocked by Bryan Rust.
6:44 of 3rd period - Snap shot by Evan Rodrigues.
6:44 of 3rd period - Stopped by Matt Murray with a rebound.
6:46 of 3rd period - Slapshot by Jake McCabe.
6:46 of 3rd period - Stopped by Matt Murray with a rebound.
6:56 of 3rd period - Slapshot by Rasmus Ristolainen.
6:56 of 3rd period - Shot Misses the Net.
6:58 of 3rd period - Snap shot by Nicholas Baptiste.
6:58 of 3rd period - Deflect By John Tavares.
6:58 of 3rd period - Shot Misses the Net.
6:58 of 3rd period - Puck is out of play.
6:59 of 3rd period - John Tavares wins face-off versus Sidney Crosby in Pittsburgh Penguins zone.
7:00 of 3rd period - Snap shot by Rasmus Ristolainen.
7:00 of 3rd period - Shot Blocked by Conor Sheary.
7:24 of 3rd period - Slapshot by Tyler Myers.
7:24 of 3rd period - Deflect By Evgeni Malkin.
7:24 of 3rd period - Stopped by Matt Murray without a rebound.
7:25 of 3rd period - Jason Pominville wins face-off versus Evgeni Malkin in Pittsburgh Penguins zone.
7:32 of 3rd period - Snap shot by Marcus Foligno.
7:32 of 3rd period - Shot Misses the Net.
7:50 of 3rd period - Brian Dumoulin is hit by Jesper Fast and loses puck.
8:11 of 3rd period - Backhand shot by Dominik Simon.
8:11 of 3rd period - Deflect By Josh Archibald.
8:11 of 3rd period - Goal by Josh Archibald - Buffalo Sabres : 1 - Pittsburgh Penguins : 2.
8:12 of 3rd period - Sidney Crosby wins face-off versus John Tavares in neutral zone.
8:17 of 3rd period - Slapshot by Sidney Crosby.
8:17 of 3rd period - Goal by Sidney Crosby - Buffalo Sabres : 1 - Pittsburgh Penguins : 3.
8:18 of 3rd period - Sidney Crosby wins face-off versus John Tavares in neutral zone.
8:33 of 3rd period - Wrist shot by John Tavares.
8:33 of 3rd period - Goal by John Tavares - Buffalo Sabres : 2 - Pittsburgh Penguins : 3.
8:34 of 3rd period - John Tavares wins face-off versus Sidney Crosby in neutral zone.
8:34 of 3rd period - John Tavares is hit by Justin Schultz.
9:27 of 3rd period - Slapshot by Justin Schultz.
9:27 of 3rd period - Stopped by Robin Lehner without a rebound.
9:28 of 3rd period - Jake Guentzel wins face-off versus Zemgus Girgensons in Buffalo Sabres zone.
9:38 of 3rd period - Minor Penalty to Nicolas Deslauriers for Interference.
9:39 of 3rd period - Zemgus Girgensons wins face-off versus Evgeni Malkin in Buffalo Sabres zone.
9:47 of 3rd period - Patric Hornqvist is hit by Ryan Nugent-Hopkins and loses puck.
10:06 of 3rd period - Marco Scandella is hit by Derrick Pouliot and loses puck.
11:38 of 3rd period - Penalty to Nicolas Deslauriers is over, Nicolas Deslauriers is back on ice.
11:39 of 3rd period - Jesper Fast is hit by Jake Guentzel and loses puck.
11:59 of 3rd period - Dmitry Kulikov is hit by Dominik Simon and loses puck.
12:47 of 3rd period - Aaron Ekblad is hit by John Tavares and loses puck.
13:02 of 3rd period - Marco Scandella is hit by Josh Archibald and loses puck.
13:15 of 3rd period - Jason Pominville is hit by Aaron Ekblad and loses puck.
13:34 of 3rd period - Bryan Rust is hit by Jesper Fast and loses puck.
14:06 of 3rd period - Sidney Crosby is hit by Tyler Myers and loses puck.
14:29 of 3rd period - Off-side.
14:30 of 3rd period - Jason Pominville wins face-off versus Carl Hagelin in neutral zone.
14:49 of 3rd period - Patric Hornqvist is hit by John Tavares and loses puck.
15:02 of 3rd period - Ryan Nugent-Hopkins is hit by Evgeni Malkin.
15:12 of 3rd period - Tom Kuhnhackl is hit by Zemgus Girgensons and loses puck.
15:41 of 3rd period - Conor Sheary is hit by Marcus Foligno and loses puck.
16:19 of 3rd period - Evan Rodrigues is hit by Tom Kuhnhackl and loses puck.
17:07 of 3rd period - Wrist shot by Ryan Nugent-Hopkins.
17:07 of 3rd period - Stopped by Matt Murray without a rebound.
17:08 of 3rd period - Sidney Crosby wins face-off versus John Tavares in Pittsburgh Penguins zone.
17:34 of 3rd period - Off-side.
17:35 of 3rd period - Jake Guentzel wins face-off versus Zemgus Girgensons in neutral zone.
17:45 of 3rd period - Minor Penalty to Dmitry Kulikov for Cross-checking.
17:46 of 3rd period - Evgeni Malkin wins face-off versus Zemgus Girgensons in Buffalo Sabres zone.
18:38 of 3rd period - Rasmus Ristolainen is hit by Conor Sheary and loses puck.
18:55 of 3rd period - Tyler Myers is hit by Conor Sheary and loses puck.
19:28 of 3rd period - Snap shot by Sidney Crosby.
19:28 of 3rd period - Shot Misses the Net.
19:30 of 3rd period - Wrist shot by Sidney Crosby.
19:30 of 3rd period - Goal by Sidney Crosby - Buffalo Sabres : 2 - Pittsburgh Penguins : 4.
19:31 of 3rd period - Evgeni Malkin wins face-off versus Zemgus Girgensons in neutral zone.
19:45 of 3rd period - Wrist shot by Nicolas Deslauriers.
19:45 of 3rd period - Shot Misses the Net.
Goals for this period are 1 for Buffalo Sabres vs 3 for Pittsburgh Penguins.
Shots for this period are 6 for Buffalo Sabres vs 12 for Pittsburgh Penguins.